 Dungeon Crawl Stone Soup version 0.17-a0-1787-g4aeb8be (webtiles) character file.

48 Izanagi the Gusty (level 3, -3/19 HPs)
             Began as a Tengu Air Elementalist on Sept 9, 2015.
             Slain by a worm (9 damage)
             ... on level 3 of the Dungeon.
             The game lasted 00:07:16 (1536 turns).

Izanagi the Gusty (Tengu Air Elementalist)          Turns: 1536, Time: 00:07:16

Health: -3/19      AC:  3    Str:  8    XL:     3   Next: 72%
Magic:  0/7        EV: 13    Int: 16    God:
Gold:   44         SH:  0    Dex: 14    Spells: 1 memorised, 5 levels left

rFire  . . .     SeeInvis .     (no weapon)
rCold  . . .     Clarity  .     a - +0 robe
rNeg   . . .     SustAt   .     (no shield)
rPois  .         Gourm    .     (helmet restricted)
rElec  .         Spirit   .     g - +0 cloak
rCorr  .         Warding  .     (no gloves)
rMut   .         Stasis   .     (boots unavailable)
MR     .....                    (no amulet)
Stlth  ++........               (no ring)
                                (no ring)

@: very slightly contaminated, not resistant to hostile enchantments, unstealthy
A: beak, talons 3
a: no special abilities


You were on level 3 of the Dungeon.
You were not hungry.

You visited 1 branch of the dungeon, and saw 3 of its levels.

You collected 44 gold pieces.

Inventory:

Armour
 a - a +0 robe (worn)
 g - a +0 cloak (worn)
Potions
 d - 4 potions of curing
 e - a potion of flight
Books
 b - a book of Air

   Spells                             Type                      Level
   a - Shock                          Conjuration/Air              1
   b - Swiftness                      Charms/Air                   2
   c - Repel Missiles                 Charms/Air                   2
   d - Static Discharge               Conjuration/Air              3
   e - Lightning Bolt                 Conjuration/Air              5


   Skills:
 + Level 2.4 Dodging
 - Level 2.0 Stealth
 - Level 2.0 Spellcasting
 + Level 1.7 Conjurations
 * Level 5.8 Air Magic


You had 5 spell levels left.
You knew the following spells:

 Your Spells              Type           Power        Failure   Level  Hunger
a - Shock                 Conj/Air       ##..         6%          1    #......


Dungeon Overview and Level Annotations

Branches:
Dungeon (3/15)

Altars:
Ashenzari
Cheibriados
Dithmenos
Kikubaaqudgha
Trog
Vehumet
Xom
Zin


Innate Abilities, Weirdness & Mutations

You have a beak for a mouth.
You have claws for feet.


Message History

Press: ? - help, Shift-Dir - straight line, f/p - worm
Aim: a worm (almost dead)
You miscast Shock.
You are very lightly contaminated with residual magic.
Nothing appears to happen.
You hit the worm.
The worm is almost dead.
You hit the worm.
The worm is almost dead.
The worm bites you!
Ouch! That really hurt!
Casting: Shock
Confirm with . or Enter, or press ? or * to list all spells.
Aiming: Shock
Press: ? - help, Shift-Dir - straight line, f/p - worm
Aim: a worm (almost dead)
The zap hits the worm.
The worm is almost dead.
The adder bites you. The worm bites you!
You die...

.#.#.....r##
...........#
.#.#.......#
...........#
.#.#.......#
...........#
.#.#.......##..
.?....S<......#
.....†w@...#...
...........#
...........#
...........#
#..........#
#.........##
###.....[##
###.####


You could see a worm and an adder.

Vanquished Creatures
  2 adders (D:2)
  2 worms (D:2)
  A giant gecko (D:2)
  2 bats
  5 goblins
  3 hobgoblins
  3 kobolds (D:1)
  A quokka (D:2)
  A giant cockroach (D:2)
  2 giant newts (D:2)
  A rat (D:2)
23 creatures vanquished.

Notes
Turn   | Place    | Note
--------------------------------------------------------------
     0 | D:1      | Izanagi the Tengu Air Elementalist began the quest for the Orb.
     0 | D:1      | Reached XP level 1. HP: 10/10 MP: 4/4
   468 | D:1      | Reached XP level 2. HP: 15/15 MP: 3/6
   653 | D:2      | Found a glowing silver altar of Zin.
   654 | D:2      | Found a shattered altar of Ashenzari.
   656 | D:2      | Found a shimmering altar of Xom.
   656 | D:2      | Found an ancient bone altar of Kikubaaqudgha.
   656 | D:2      | Found a radiant altar of Vehumet.
   658 | D:2      | Found a bloodstained altar of Trog.
   658 | D:2      | Found a shadowy altar of Dithmenos.
   659 | D:2      | Found a snail-covered altar of Cheibriados.
   738 | D:2      | Reached skill level 5 in Air Magic
   819 | D:2      | Reached XP level 3. HP: 19/19 MP: 1/7
  1536 | D:3      | Slain by a worm

Vault maps used:
D:1:      saegor_arrival_simple_f
D:2:      grunt_temple_overflow_open, st_stairs_7
D:3:      demons_altar, serial_glass, glass_columns_b, glass_columns_b,
          glass_columns_b, glass_columns_a, glass_columns_c, glass_columns_b,
          glass_columns_c, glass_columns_c, grunt_gozag_statues

Action                   || total
-------------------------++-------
Melee: Unarmed           ||    19
 Cast: Shock             ||    58
  Use: Scroll            ||     5
  Eat: Fruit             ||     2
       Bread ration      ||     1
